 Dungeon Crawl Stone Soup version 0.22-a0-393-g7f50228 (webtiles) character file.

98 JeffiDaFish the Firebug (level 4, -1/33 HPs)
             Began as a Draconian Fire Elementalist on May 2, 2018.
             Killed from afar by Ijyb (5 damage)
             ... with a wand of flame (28)
             ... on level 3 of the Dungeon.
             The game lasted 00:09:55 (2563 turns).

JeffiDaFish the Firebug (DrFE)                      Turns: 2563, Time: 00:09:56

Health: -1/33      AC:  5    Str: 10    XL:     4   Next: 44%
Magic:  0/9        EV: 12    Int: 17    God:
Gold:   127        SH:  0    Dex: 11    Spells: 0/8 levels left

rFire    . . .     SeeInvis .   c - +0 short sword
rCold    . . .     Gourm    .   (no shield)
rNeg     . . .     Faith    .   (armour unavailable)
rPois    .         Spirit   .   (helmet restricted)
rElec    .         Reflect  .   (no cloak)
rCorr    .         Harm     .   (no gloves)
MR       .....                  (no boots)
Stlth    +++.......             (no amulet)
HPRegen  0.11/turn              (no ring)
MPRegen  0.11/turn              (no ring)

@: no status effects
A: unfitting armour, horns 1, camouflage 1, high mp 1, sense surroundings 1,
cold-blooded, AC +5
a: no special abilities


You were on level 3 of the Dungeon.
You were not hungry.

You visited 1 branch of the dungeon, and saw 3 of its levels.

You collected 127 gold pieces.

Inventory:

Hand Weapons
 c - a +0 short sword (weapon)
Scrolls
 d - a scroll of identify
Potions
 a - 2 potions of mutation
 e - a potion of resistance
 g - a potion of curing
Comestibles
 b - 6 rations
 f - a chunk of flesh


   Skills:
 - Level 2.1 Dodging
 - Level 1.7 Stealth
 * Level 2.9 Spellcasting
 * Level 2.5 Conjurations
 + Level 3.7 Fire Magic


You couldn't memorise any spells.
You knew the following spells:

 Your Spells              Type           Power        Failure   Level  Hunger
a - Flame Tongue          Conj/Fire      ##...        4%          1    None
b - Conjure Flame         Conj/Fire      ##......     14%         3    ###....
c - Sticky Flame          Conj/Fire      ##......     43%         4    ####...


Dungeon Overview and Level Annotations

Branches:
Dungeon (3/15)

Altars:
Gozag

Annotations:
D:3 DarkwingDuck's ghost, amateur VSFi; Ijyb


Innate Abilities, Weirdness & Mutations

Your plain brown scales are hard. (AC +5)
You cannot fit into any form of body armour.
You are cold-blooded and may be slowed by cold attacks.
You have a pair of small horns on your head.
Your skin changes colour to match your surroundings (Stealth+).
You have an increased reservoir of magic. (+10% MP)
You passively map a small area around you.


Message History

Ijyb closely misses you.
Casting: Flame Tongue (safe; 4% risk of failure)
Confirm with . or Enter, or press ? or * to list all spells.
Aiming: Flame Tongue (safe; 4% risk of failure)
Press: ? - help, Shift-Dir - straight line, f/p - Ijyb
Aim: Ijyb, wielding a dagger of venom, wearing a runed leather armour and carrying a wand of flame (29) (severely wounded)
The flame tongue hits Ijyb.
Ijyb is severely wounded.
Ijyb hits you with a dagger of venom!
* * * LOW HITPOINT WARNING * * *
You feel better. Ijyb hits you with a dagger of venom.
You hit Ijyb but do no damage.
Ijyb is severely wounded.
Ijyb closely misses you.
You miss Ijyb. You headbutt Ijyb.
Ijyb is almost dead.
Ijyb zaps a wand.
The puff of flame hits you!
* * * LOW HITPOINT WARNING * * *
Ijyb zaps a wand.
The puff of flame hits you!
You die...

#####
##g@.##
#.###.## *
#.## ##.##
**##.#
##.# ,...
#.# ###.
##.# , #.
##.##
##.###.###
,
#........#


You could see Ijyb.

Vanquished Creatures
  Terence (D:3)
  2 gnolls (D:2)
  2 oozes
  A worm (D:2)
  2 leopard geckos
  A giant cockroach (D:1)
  9 hobgoblins
  3 jackals (D:3)
  5 kobolds
  A ball python (D:2)
  3 bats
  3 frilled lizards
  4 goblins
  3 rats (D:1)
40 creatures vanquished.

Notes
Turn   | Place    | Note
-------+----------+-------------------------------------------
     0 | D:1      | JeffiDaFish the Draconian Fire Elementalist began the quest for the Orb.
     0 | D:1      | Reached XP level 1. HP: 14/14 MP: 3/3
    87 | D:1      | Reached XP level 2. HP: 12/20 MP: 0/5
   708 | D:2      | Found an opulent altar of Gozag.
   710 | D:2      | Reached XP level 3. HP: 26/26 MP: 3/6
   776 | D:1      | Learned a level 3 spell: Conjure Flame
   911 | D:2      | Gained mutation: You have a pair of small horns on your head. [potion of mutation]
   911 | D:2      | Gained mutation: You have an increased reservoir of magic. (+10% MP) [potion of mutation]
   911 | D:2      | Gained mutation: You passively map a small area around you. [potion of mutation]
   911 | D:2      | Gained mutation: Your skin changes colour to match your surroundings (Stealth+). [potion of mutation]
  1729 | D:3      | Noticed Terence
  1740 | D:3      | Killed Terence
  1740 | D:3      | Reached XP level 4. HP: 18/33 MP: 1/9
  1906 | D:3      | Noticed DarkwingDuck's ghost (amateur VSFi)
  2286 | D:3      | Learned a level 4 spell: Sticky Flame
  2547 | D:3      | Noticed Ijyb
  2563 | D:3      | Killed from afar by Ijyb

Vault maps used:
D:1:      grunt_arrival_crossed_arrows
D:2:      nicolae_overflow_crystal_walls, first_ration
D:3:      chequers_temple_overflow_statue_of_worship, uniq_jessica,
          uniq_natasha, uniq_ijyb, uniq_crazy_yiuf_cottage, uniq_terence

Skill      XL: |  1  2  3 |
---------------+----------+-----
Dodging        | 2 |  2.1
Conjurations   | 2 |  2.5
Stealth        | |  1.7
Spellcasting   | |  2.9
Fire Magic     | |  3.7

Action                   |  1- 3 |  4- 6 || total
-------------------------+-------+-------++-------
Melee: Short sword       |    28 |    28 ||    56
       Tailslap          |     2 |     1 ||     3
       Headbutt          |     1 |     2 ||     3
 Cast: Flame Tongue      |    41 |    34 ||    75
       Conjure Flame     |       |     3 ||     3
       Sticky Flame      |       |     1 ||     1
  Use: Potion            |     6 |     2 ||     8
       Scroll            |     5 |       ||     5
 Stab: Sleeping          |     1 |       ||     1
  Eat: Chunk             |     3 |     3 ||     6
Armor: Skin              |    15 |    15 ||    30
Dodge: Dodged            |    26 |    30 ||    56

Table legend:
 A = Spawn XP
 B = Non-spawn XP
 C = Spawn XP percentage of total XP
 D = Spawn monster count
 E = Non-spawn monster count
 F = Spawn count percentage of total count
 G = Total turns spent on level
                    A         B        C        D         E        F      G
               +---------+---------+-------+---------+---------+-------+---------
         Total |       0 |     141 |   0.0 |       0 |      40 |   0.0 |  2563
               +---------+---------+-------+---------+---------+-------+---------
           D:1 |       0 |      37 |   0.0 |       0 |      19 |   0.0 |   760
           D:2 |       0 |      45 |   0.0 |       0 |      11 |   0.0 |  1122
           D:3 |       0 |      59 |   0.0 |       0 |      10 |   0.0 |   681
               +---------+---------+-------+---------+---------+-------+---------
